 Dungeon Crawl Stone Soup version 0.23.0 (webtiles) character file.

Game seed: 12065214103258558157

103544 Laan the Severer (level 16, -3/134 HPs)
             Began as a Formicid Gladiator on Feb 14, 2019.
             Was the Champion of Okawaru.
             Hit by a javelin of penetration thrown by a merfolk javelineer (5 damage)
             ... on level 4 of the Shoals.
             The game lasted 01:23:40 (30960 turns).

Laan the Severer (Formicid Gladiator)              Turns: 30960, Time: 01:23:41

Health: -3/134     AC: 24    Str: 47    XL:     16   Next: 89%
Magic:  16/16      EV:  6    Int:  9    God:    Okawaru [******]
Gold:   1510       SH:  0    Dex: 16    Spells: 15/15 levels left

rFire    + . .     SeeInvis +   N - +2 battleaxe (chaos)
rCold    + . .     Gourm    .   B - +0 shield
rNeg     . . .     Faith    .   n - +7 chain mail "Anemaly" {*Contam Str+6}
rPois    +         Spirit   .   (helmet unavailable)
rElec    +         Reflect  +   r - scarf {rC+ rF+}
rCorr    .         Harm     .   i - +1 pair of gloves {Str+3}
MR       +....                  l - +0 pair of boots of Okawaru's Wrath {rElec Str+2 Dex+4}
Stlth    ..........             L - +4 amulet of reflection
HPRegen  0.32/turn              h - ring of poison resistance
MPRegen  0.15/turn              u - +6 ring of strength

@: mighty, mesmerised, held
A: permanent stasis, dig shafts and tunnels, four strong arms, antennae 3
a: Dig, Shaft Self, Heroism, Finesse, Renounce Religion


You were on level 4 of the Shoals.
You worshipped Okawaru.
Okawaru was exalted by your worship.
You were not hungry.

You visited 3 branches of the dungeon, and saw 25 of its levels.
You also visited: Sewer.

You collected 1747 gold pieces.
You spent 237 gold pieces at shops.

Inventory:

Hand Weapons
 b - the +6 great mace "Kakhle" {pain, +Inv rC+ Str+4}
   (Okawaru gifted it to you on level 6 of the Lair of Beasts)

   In the hands of one skilled in necromantic magic, it inflicts extra damage on
   living creatures.
   It affects your strength (+4).
   It protects you from cold.
   It lets you turn invisible.
 N - a +2 battleaxe of chaos (weapon)
Missiles
 c - 5 throwing nets (quivered)
Armour
 i - a +1 pair of gloves of strength (worn)
 l - the +0 pair of boots of Okawaru's Wrath (worn) {rElec Str+2 Dex+4}
   (Okawaru gifted it to you on level 6 of the Lair of Beasts)

   It affects your strength (+2).
   It affects your dexterity (+4).
   It insulates you from electricity.
 n - the +7 chain mail "Anemaly" (worn) {*Contam Str+6}
   (Okawaru gifted it to you on level 15 of the Dungeon)

   It affects your strength (+6).
   It causes magical contamination when unequipped.
 r - a scarf of resistance (worn)
 B - a +0 shield (worn)
Jewellery
 h - a ring of poison resistance (left hand)
 u - a +6 ring of strength (right hand)
 w - an uncursed ring of resist corrosion
 C - an uncursed amulet of magic regeneration
 E - an uncursed ring of protection from magic
 L - a +4 amulet of reflection (around neck)
Wands
 y - a wand of enslavement (7)
 z - a wand of flame (22)
 F - a wand of acid (14)
 J - a wand of paralysis (7)
Scrolls
 e - 13 scrolls of identify
 g - 13 scrolls of remove curse
 j - 3 scrolls of enchant armour
 m - a scroll of holy word
 o - a scroll of silence
 q - 5 scrolls of magic mapping
 v - 3 scrolls of amnesia
 H - 3 scrolls of enchant weapon
 I - 2 scrolls of fog
Potions
 f - 4 potions of agility
 k - 5 potions of lignification
 p - 4 potions of flight
 s - 2 potions of might
 t - a potion of ambrosia
 D - a potion of resistance
 G - 2 potions of curing
 K - a potion of invisibility {unknown}
Comestibles
 a - 15 chunks of flesh
 d - 32 rations


   Skills:
 + Level 14.9 Fighting
 * Level 18.7 Axes
 - Level 2.0 Throwing
 + Level 14.8 Armour
 - Level 2.6 Dodging
 - Level 9.0 Shields


You had 15 spell levels left.
You didn't know any spells.
Your spell library contained the following spells:

 Spells                   Type           Power        Failure   Level  Hunger
 Corona                   Hex            #......      65%         1    ##.....
 Flame Tongue             Conj/Fire      #....        65%         1    ##.....
 Magic Dart               Conj           #...         65%         1    ##.....
 Ensorcelled Hibernation  Hex/Ice        #.....       78%         2    ###....
 Poisonous Vapours        Pois/Air       #.....       78%         2    ###....
 Searing Ray              Conj           #.....       78%         2    ###....
 Throw Flame              Conj/Fire      #.....       78%         2    ###....
 Confuse                  Hex            #.......     95%         3    ####...
 Conjure Flame            Conj/Fire      #.......     95%         3    ####...
 Dazzling Spray           Conj/Hex       #.....       95%         3    ####...
 Inner Flame              Hex/Fire       #.......     95%         3    ####...
 Mephitic Cloud           Conj/Pois/Air  #.......     95%         3    ####...
 Tukima's Dance           Hex            #.......     95%         3    ####...
 Cause Fear               Hex            #.........   100%        4    #####..
 Force Lance              Conj/Tloc      #.......     100%        4    #####..
 Fulminant Prism          Conj/Hex       #.........   100%        4    #####..
 Iskenderun's Mystic Bla  Conj           #.......     100%        4    #####..
 Leda's Liquefaction      Hex/Erth       #.........   100%        4    #####..
 Sticky Flame             Conj/Fire      #.......     100%        4    #####..
 Bolt of Magma            Conj/Fire/Erth #.........   100%        5    ######.
 Fireball                 Conj/Fire      #.........   100%        5    ######.
 Silence                  Hex/Air        #.........   100%        5    ######.
 Yara's Violent Unravell  Hex/Tmut       #.........   100%        5    ######.
 Deflect Missiles         Chrm/Air       #.........   100%        6    #######
 Freezing Cloud           Conj/Ice/Air   #.........   100%        6    #######
 Iron Shot                Conj/Erth      #.........   100%        6    #######
 Statue Form              Tmut/Erth      #........    100%        6    #######
 Ring of Flames           Chrm/Fire      #.........   100%        7    #######
 Discord                  Hex            #.........   100%        8    #######
 Shatter                  Erth           #.........   100%        9    #######


Dungeon Overview and Level Annotations

Branches:
Dungeon (15/15)            Temple (0/1) D:7            Lair (6/6) D:8
 Shoals (4/4) Lair:2        Snake (0/4) Lair:3        Slime (0/5) Lair:5
    Orc (0/2) D:10         Vaults (0/5) D:14         Depths (0/5) D:15

Altars:
Cheibriados
Dithmenos
Fedhas
Gozag
Okawaru
Trog
Xom

Shops:
D:15 [

Annotations:
D:5 exclusion: downstairs
D:12 exclusion: downstairs
D:15 exclusion: Roxanne, Roxanne
Lair:2 exclusion: oklob plant
Lair:6 2 transporters, yrara's ghost, journeyman DsFi


Innate Abilities, Weirdness & Mutations

You cannot be hasted, slowed, berserked, paralysed or teleported.
You can dig through walls and to a lower floor.
Your four strong arms can wield two-handed weapons with a shield.
You have a pair of large antennae on your head. (SInv)


Message History

The merfolk impaler hits you from afar with a +1 trident of flaming.
* * * LOW HITPOINT WARNING * * *
The merfolk hits you but does no damage.
The merfolk impaler hits you but does no damage.
The merfolk javelineer throws a javelin of returning.
The javelin of returning hits you!
* * * LOW HITPOINT WARNING * * *
The weapon returns to the merfolk javelineer!
The merfolk javelineer hits you from afar with a cursed -1 spear.
* * * LOW HITPOINT WARNING * * *
The merfolk siren hits you from afar with a +0 spear.
* * * LOW HITPOINT WARNING * * *
The merfolk siren chants its luring song.
The merfolk impaler hits you but does no damage.
You feel better.
The merfolk impaler hits you with a +3 trident of protection!
* * * LOW HITPOINT WARNING * * *
The merfolk javelineer throws a javelin of penetration.
The javelin of penetration pierces through you.
You die...

≈≈≈≈≈≈≈≈≈≈≈
.≈≈≈≈≈≈≈≈≈≈≈
(≈≈≈≈≈≈≈≈≈≈≈≈
...≈≈≈≈≈≈≈≈≈≈≈
.≈≈...≈≈≈≈≈≈≈≈m≈ ####
≈≈≈≈≈..≈≈≈≈≈≈≈≈##m≈≈##
≈≈≈≈.....≈≈≈≈≈m#mmm≈≈#
≈≈≈≈. #..≈≈≈≈≈m'm≈φ≈≈#
≈≈≈≈. #....≈(≈§#@m...#
≈≈≈..##.....≈§§##m..##
≈≈....#.....÷≈≈.#####
#.#.....≈≈≈..... ≈
##.....≈≈≈≈.....(
≈.###..≈≈≈≈≈≈≈≈≈..(...
≈≈)..≈≈≈≈≈≈≈≈≈≈≈≈≈.≈≈≈
≈≈≈≈≈≈≈≈≈≈≈≈≈≈≈≈≈≈≈≈≈≈
≈≈≈≈≈≈≈≈≈≈≈≈≈≈≈≈≈≈≈≈≈≈


You could see 2 merfolk impalers, 3 merfolk javelineers, 2 merfolk and 2 merfolk
sirens.

Vanquished Creatures
  Gastronok (Lair:2)
  Snorg (Lair:5)
  A merfolk impaler (Shoals:3)
  5 vault guards (D:14)
  2 fire dragons (D:15)
  3 hydras
  A merfolk avatar (Shoals:1)
  A merfolk aquamancer (Shoals:4)
  7 centaur warriors
  3 catoblepae (Lair:6)
  A satyr (Shoals:3)
  2 two-headed ogres
  13 death yaks
  2 tengu warriors (D:15)
  A fire crab (shapeshifter) (D:15)
  7 unseen horrors
  3 sea snakes
  A wolf spider zombie (D:13)
  2 orc knights
  2 ugly things
  6 fauns
  2 orc sorcerers (D:14)
  A mana viper (Shoals:3)
  A deep elf mage (D:11)
  3 cyclopes
  6 elephants (Lair:6)
  12 manticores
  3 centaur zombies
  A water nymph (Shoals:2)
  4 black mambas
  A torpor snail (Lair:6)
  4 gargoyles
  7 spiny frogs
  4 komodo dragons
  A rime drake (Lair:3)
  4 kobold demonologists
  An efreet (D:15)
  4 merfolk
  5 trolls
  A queen bee (D:10)
  A polar bear (Lair:6)
  A wind drake (Shoals:1)
  A hornet (D:11)
  A wind drake (shapeshifter) (D:15)
  12 dream sheep
  9 slime creatures
  Prince Ribbit (D:5)
  16 hippogriffs
  14 blink frogs
  A snapping turtle (Shoals:3)
  A centaur simulacrum (D:13)
  A shadow (D:13)
  3 wyverns
  72 yaks
  A vampire (D:13)
  3 basilisks
  2 wraiths
  3 hungry ghosts
  A human (D:14)
  2 steam dragons
  Grum (D:8)
  Menkaure (D:7)
  2 soldier ants
  3 acid dragons
  11 water moccasins
  A swamp drake (D:13)
  9 porcupines
  19 orc warriors
  2 sky beasts
  Purgy (Sewer)
  4 ice beasts
  A black bear (D:6)
  A necrophage (D:10)
  5 phantoms
  13 ogres
  28 wolves
  4 centaurs
  12 crocodiles
  4 big kobolds
  Blork the orc (D:6)
  27 bullfrogs
  A water moccasin zombie (D:7)
  A wyvern skeleton (D:14)
  12 scorpions
  A water moccasin skeleton (D:8)
  28 killer bees
  11 electric eels
  16 wights
  3 howler monkeys (D:6)
  6 crimson imps
  3 bullfrog zombies
  4 quasits
  22 jellies
  2 bullfrog skeletons
  A gnoll shaman (D:4)
  18 orc priests
  4 centaur skeletons
  5 hounds
  Terence (D:3)
  3 iguanas
  24 orc wizards
  11 worker ants
  2 hound zombies
  A worker ant zombie (D:11)
  19 adders
  8 gnolls
  A howler monkey skeleton (D:5)
  A river rat (D:3)
  3 shadow imps
  14 oozes
  2 adder skeletons
  3 dart slugs
  3 leopard geckos
  86 orcs
  14 bats
  4 giant cockroaches
  8 hobgoblins
  22 jackals
  9 quokkas
  A ball python (D:6)
  6 frilled lizards
  8 goblins
  30 kobolds
  A leopard gecko zombie (D:8)
  10 rats
  A bush (Shoals:3)
  A fungus (Lair:5)
  A plant (Lair:6)
  A toadstool (D:4)
863 creatures vanquished.

Vanquished Creatures (collateral kills)
  A spiny frog (Lair:4)
  A bullfrog (Lair:4)
2 creatures vanquished.

Vanquished Creatures (others)
  A two-headed ogre (D:13)
  A faun (Shoals:1)
  A yaktaur (Shoals:3)
  An orc warrior (D:14)
  4 centaurs
  A bush (Lair:6)
  5 fungi
  15 plants
  7 toadstools (D:4)
36 creatures vanquished.

Grand Total: 901 creatures vanquished

Notes
Turn   | Place    | Note
-------+----------+-------------------------------------------
     0 | D:1      | Laan the Formicid Gladiator began the quest for the Orb.
     0 | D:1      | Reached XP level 1. HP: 16/16 MP: 1/1
    63 | D:1      | Reached XP level 2. HP: 17/23 MP: 2/2
   290 | D:1      | Reached skill level 1 in Armour
   348 | D:1      | Reached XP level 3. HP: 26/28 MP: 3/3
   666 | D:2      | Reached XP level 4. HP: 28/34 MP: 4/4
   715 | D:2      | Reached skill level 4 in Axes
  1720 | D:2      | Reached XP level 5. HP: 20/41 MP: 5/5
  1726 | D:2      | Reached skill level 1 in Shields
  2082 | D:3      | Found a glowing drain.
  2105 | Sewer    | Entered a sewer
  2107 | Sewer    | Reached XP level 6. HP: 42/47 MP: 6/6
  2138 | Sewer    | Noticed Purgy
  2143 | Sewer    | Killed Purgy
  2143 | Sewer    | Reached skill level 5 in Axes
  2345 | D:3      | Noticed Terence
  2353 | D:3      | Killed Terence
  2778 | D:4      | Reached XP level 7. HP: 51/53 MP: 7/7
  3567 | D:4      | Reached skill level 6 in Axes
  3981 | D:4      | Reached XP level 8. HP: 52/61 MP: 8/8
  3999 | D:4      | Found an iron altar of Okawaru.
  4007 | D:4      | Became a worshipper of Warmaster Okawaru
  4053 | D:5      | Entered Level 5 of the Dungeon
  4184 | D:5      | Reached skill level 5 in Fighting
  4191 | D:5      | Noticed Prince Ribbit
  4386 | D:6      | Reached skill level 7 in Axes
  4397 | D:6      | Reached * piety under Okawaru
  4496 | D:6      | Reached skill level 5 in Armour
  4652 | D:6      | Reached XP level 9. HP: 16/69 MP: 9/9
  4957 | D:6      | Noticed Blork the orc
  4964 | D:6      | Killed Blork the orc
  4980 | D:6      | Reached skill level 8 in Axes
  5408 | D:5      | Reached ** piety under Okawaru
  6286 | D:5      | Killed Prince Ribbit
  6286 | D:5      | Reached skill level 9 in Axes
  7057 | D:6      | Found a bloodstained altar of Trog.
  7463 | D:7      | Noticed a hippogriff
  7470 | D:6      | Killed a hippogriff
  7509 | D:6      | Reached XP level 10. HP: 73/79 MP: 10/10
  7543 | D:6      | Reached *** piety under Okawaru
  7662 | D:6      | Reached skill level 10 in Axes
  7860 | D:7      | Noticed Menkaure
  8083 | D:7      | Killed Menkaure
  8320 | D:7      | Found a shimmering altar of Xom.
  8430 | D:7      | Reached **** piety under Okawaru
  8753 | D:7      | Found a staircase to the Ecumenical Temple.
  8971 | D:8      | Noticed Grum
  9395 | D:8      | Killed Grum
  9622 | D:8      | Reached skill level 11 in Axes
  9727 | D:8      | Noticed a two-headed ogre
  9749 | D:8      | Reached XP level 11. HP: 59/87 MP: 11/11
  9763 | D:8      | Reached ***** piety under Okawaru
 10134 | D:7      | Killed a two-headed ogre
 10691 | D:8      | Found a staircase to the Lair.
 11002 | Lair:1   | Entered Level 1 of the Lair of Beasts
 11084 | Lair:1   | Reached skill level 5 in Shields
 11562 | Lair:1   | Reached skill level 12 in Axes
 12077 | Lair:1   | Received a gift from Okawaru
 12966 | Lair:1   | Reached XP level 12. HP: 97/97 MP: 12/12
 13223 | Lair:2   | Noticed Gastronok
 13334 | Lair:2   | Killed Gastronok
 13334 | Lair:2   | Reached skill level 10 in Fighting
 13461 | Lair:2   | Found a staircase to the Shoals.
 13689 | Lair:2   | Found a blossoming altar of Fedhas.
 13766 | Lair:2   | Reached skill level 10 in Armour
 13835 | Lair:2   | Reached skill level 13 in Axes
 14318 | Lair:3   | Received a gift from Okawaru
 14321 | Lair:3   | Got a brightly glowing quick blade {god gift}
 14920 | Lair:3   | Noticed a death yak
 14941 | Lair:3   | Killed a death yak
 15008 | Lair:3   | Noticed a death yak
 15008 | Lair:3   | Noticed a death yak
 15025 | Lair:3   | Noticed a death yak
 15031 | Lair:3   | Noticed a death yak
 15032 | Lair:3   | Killed a death yak
 15032 | Lair:3   | Reached XP level 13. HP: 78/105 MP: 13/13
 15363 | Lair:3   | Found a staircase to the Snake Pit.
 15451 | Lair:3   | Reached ****** piety under Okawaru
 16080 | Lair:4   | Reached skill level 14 in Axes
 16233 | Lair:4   | Noticed an eight-headed hydra
 16245 | Lair:4   | Killed an eight-headed hydra
 16633 | Lair:4   | Received a gift from Okawaru
 18064 | Lair:5   | Noticed an eight-headed hydra
 18088 | Lair:5   | Killed an eight-headed hydra
 18487 | Lair:5   | Found a staircase to the Slime Pits.
 18491 | Lair:5   | Noticed Snorg
 18533 | Lair:5   | Killed Snorg
 19021 | Lair:5   | Received a gift from Okawaru
 19023 | Lair:5   | Reached skill level 15 in Axes
 19025 | Lair:5   | Reached XP level 14. HP: 106/114 MP: 14/14
 19239 | Lair:6   | Entered Level 6 of the Lair of Beasts
 19939 | Lair:6   | Noticed yrara's ghost (journeyman DsFi)
 19943 | Lair:6   | Found a transporter.
 20054 | Lair:6   | Found a transporter.
 20223 | Lair:6   | Received a gift from Okawaru
 20226 | Lair:6   | Got a faintly glowing great mace {god gift}
 20227 | Lair:6   | Identified the +6 great mace "Kakhle" {pain, +Inv rC+
                  | Str+4} (Okawaru gifted it to you on level 6 of the Lair of
                  | Beasts)
 21965 | Lair:6   | Reached skill level 16 in Axes
 22168 | Lair:6   | Received a gift from Okawaru
 22171 | Lair:6   | Got a pair of shimmering boots {god gift}
 22178 | Lair:6   | Identified the +0 pair of boots of Okawaru's Wrath {rElec
                  | Str+2 Dex+4} (Okawaru gifted it to you on level 6 of the
                  | Lair of Beasts)
 22763 | Lair:6   | Found the +4 robe of Augmentation {Str+4 Int+4 Dex+4}
 23953 | D:10     | Entered Level 10 of the Dungeon
 23975 | D:10     | Reached XP level 15. HP: 113/123 MP: 15/15
 24004 | D:10     | Found a staircase to the Orcish Mines.
 24663 | D:11     | You fall through a shaft for 2 floors!
 25082 | D:11     | Received a gift from Okawaru
 25167 | D:11     | Found an opulent altar of Gozag.
 25259 | D:11     | Reached skill level 17 in Axes
 27823 | D:14     | Reached XP level 16. HP: 132/133 MP: 16/16
 27835 | D:14     | Found a shadowy altar of Dithmenos.
 28202 | D:14     | Received a gift from Okawaru
 28254 | D:14     | Found a gate to the Vaults.
 28443 | D:15     | Entered Level 15 of the Dungeon
 28451 | D:15     | Found a snail-covered altar of Cheibriados.
 28464 | D:15     | Found Kirusew's Antique Armour Boutique.
 28468 | D:15     | Reached skill level 18 in Axes
 28589 | D:15     | Bought a pair of ancient gloves for 237 gold pieces
 28589 | D:15     | Identified the +1 pair of gloves "Ziox" {+Inv} (You bought
                  | it in a shop on level 15 of the Dungeon)
 28753 | D:15     | Noticed Roxanne
 29194 | D:15     | Received a gift from Okawaru
 29197 | D:15     | Got a crude chain mail {god gift}
 29198 | D:15     | Identified the +7 chain mail "Anemaly" {*Contam Str+6}
                  | (Okawaru gifted it to you on level 15 of the Dungeon)
 29319 | D:15     | Found a staircase to the Depths.
 29610 | Shoals:1 | Entered Level 1 of the Shoals
 30541 | Shoals:3 | Got a bound glass ring
 30549 | Shoals:3 | Identified the ring of Interdependent Arising {Wiz *Contam
                  | +Inv Dex+3 Slay+4} (You found it on level 3 of the Shoals)
 30554 | Shoals:4 | Entered Level 4 of the Shoals
 30959 | Shoals:4 | HP: 6/134 [merfolk siren/+0 spear (1)]
 30960 | Shoals:4 | HP: 2/134 [merfolk impaler/+3 trident of protection (13)]
 30960 | Shoals:4 | Hit by a javelin of penetration thrown by a merfolk
                  | javelineer

Skill      XL: |  1  2  3  4  5  6  7  8  9 10 11 12 13 14 15 16 |
---------------+-------------------------------------------------+-----
Armour         | 1 2 3 4 5 6 8 9 10 11 12 13 14 | 14.8
Axes           | 4 5 6 7 9 11 12 13 15 16 17 18 | 18.7
Fighting       | 3 4 5 7 8 9 10 11 13 14 | 14.9
Shields        | 1 2 3 6 8 9 |  9.0
Throwing       | |  2.0
Dodging        | |  2.6

Action                   |  1- 3 |  4- 6 |  7- 9 | 10-12 | 13-15 | 16-18 || total
-------------------------+-------+-------+-------+-------+-------+-------++-------
Melee: War axe           |    54 |   170 |   384 |       |   692 |    62 ||  1362
       Battleaxe         |       |       |    22 |    20 |       |   261 ||   303
       Hand axe          |       |       |       |   787 |   915 |       ||  1702
       Dire flail        |       |       |       |       |    20 |       ||    20
       Morningstar       |       |       |       |       |     4 |       ||     4
Invok: Heroism           |       |       |       |     4 |     8 |     1 ||    13
Evoke: Wand              |       |     5 |    11 |    10 |    29 |     5 ||    60
  Use: Potion            |       |       |     1 |     6 |     5 |     7 ||    19
       Scroll            |       |       |       |    21 |     6 |     4 ||    31
  Eat: Chunk             |       |     6 |    16 |    21 |    35 |     7 ||    85
       Ration            |       |       |       |     1 |     2 |     1 ||     4
Armor: Leather armour    |    25 |     6 |       |       |       |       ||    31
       Ring mail         |       |    21 |       |       |       |       ||    21
       Scale mail        |       |    45 |    95 |       |       |       ||   140
       Chain mail        |       |       |    28 |   257 |   399 |   146 ||   830
       Plate armour      |       |       |    11 |       |       |       ||    11
Dodge: Dodged            |    37 |   110 |   185 |   191 |   365 |   106 ||   994
Block: Buckler           |       |    32 |    67 |    19 |       |       ||   118
       Shield            |       |       |       |   240 |   763 |   293 ||  1296
       Reflection        |       |       |       |       |    18 |    64 ||    82
